Unix NetHack Version 3.7.0-59 Work-in-progress - last build Jun 21 2022 21:34:18 (82e59222e4b6558e33156aede0636042c14940b8,branch:master). Game began 2022-06-26 17:40:22, ended 2022-06-30 22:08:54. hackemslashem, neutral female human Wizard ---------- .........| |.....+.<| .........| --------.- ###### # # ## ## --.---|----- |..........| |..%.......| #########...........| # |..........| ###c@%############ +..........| |..........| ------------ Hackemslashem the Conjurer St:15 Dx:16 Co:15 In:15 Wi:8 Ch:12 Neutral Dlvl:8 $:77 HP:0(41) Pw:31(42) AC:7 Exp:5 T:2097 Latest messages: A purple-red potion shatters! You smell a peculiar odor... Call a purple-red potion: K - 2 unlabeled scrolls. K - an unlabeled scroll L - an aluminum wand. There is nothing here to pick up. What do you want to write with? [- ac-epqxzCGHL or ?*] - You write in the dust with your fingertip. What do you want to write in the dust here? xxx What do you want to write with? [- ac-epqxzCGHL or ?*] * The engraving now reads: "They sav hat an p?lent tnrone room ?s rarelv a p|?cc to vish you'd be in.". What do you want to call? [b-gi-mp-ruvyzABDGIKL or ?*] * Call an aluminum wand: poly The lizard bites! The lizard bites! You miss it. The lizard bites! You miss it. You hit it. The lizard bites! What do you want to use or apply? [cl-nsvzL or ?*] v The candle flickers for a moment, then dies. You hear water falling on coins. What do you want to zap? [cL or ?*] * In what direction? h The lizard turns into a sewer rat! The sewer rat bites! What do you want to zap? [cL or ?*] L In what direction? h The sewer rat turns into a pyrolisk! Pick an object. r a rodent (giant rat) In what direction? l The spell hits it. You kill the giant rat! The pyrolisk attacks you with a fiery gaze! Your scroll of remove curse catches fire and burns! One of your unlabeled scrolls catches fire and burns! The pyrolisk attacks you with a fiery gaze! The pyrolisk attacks you with a fiery gaze! The pyrolisk attacks you with a fiery gaze! Your candle catches light! The pyrolisk attacks you with a fiery gaze! You die... Do you want your possessions identified? [ynq] (y) y Do you want to see your attributes? [ynq] (y) y Do you want an account of creatures vanquished? [ynaq] (y) y Do you want to see your conduct and achievements? [ynq] (y) y Do you want to see the dungeon overview? [ynq] (y) y Major events: Turn 1: hackemslashem the neutral female human Wizard entered the dungeon 568: entered the Gnomish Mines 675: attained the rank of Conjurer (level 3) 1688: became literate by naming Sting 2097: killed by a pyrolisk Inventory: Coins $ - 77 gold pieces Weapons x - an uncursed +0 dagger C - an uncursed +0 orcish dagger H - the uncursed +0 Sting a - a blessed +1 quarterstaff (weapon in hands) Armor u - an uncursed +0 dwarvish iron helm (being worn) b - an uncursed +0 cloak of magic resistance (being worn) A - a blessed +3 dwarvish cloak I - an uncursed +0 elven cloak Comestibles E - 2 uncursed food rations t - 2 uncursed tripe rations h - 5 uncursed eggs o - 3 uncursed lichen corpses Rings p - an uncursed +1 ring of increase accuracy G - an uncursed +2 ring of increase damage e - an uncursed ring of see invisible d - an uncursed ring of teleportation Wands c - an uncursed wand of magic missile (0:6) L - an uncursed wand of polymorph (0:3) Tools n - an uncursed blindfold s - an uncursed stethoscope v - a cursed partly used tallow candle (lit) Gems/Stones q - an uncursed worthless piece of black glass z - 5 uncursed flint stones Hackemslashem the Wizard's attributes: Background: You were a Conjurer, a level 5 female human Wizard. You were neutral, nominally on a mission for Thoth who was opposed by Ptah (lawful) and Anhur (chaotic). You were in the Dungeons of Doom, on level 8. You entered the dungeon 2097 turns ago. It was nighttime. There was a new moon in effect when your adventure ended. You had 229 experience points, 91 more were needed to attain level 6. Basics: You had 0 out of 41 hit points. You had 31 out of 42 energy points (spell power). Your armor class was 7. Your wallet contained 77 zorkmids. Autopickup was on for '$?!="/' plus thrown, with exceptions. Final Characteristics: Your strength was 15 (limit:18/100). Your dexterity was 16 (limit:18). Your constitution was 15 (limit:18). Your intelligence was 15 (limit:18). Your wisdom was 8 (limit:18). Your charisma was 12 (limit:18). Final Status: You were not hungry. You were unencumbered. You were wielding a quarterstaff. You had basic skill with quarterstaff. Final Attributes: You were devoutly aligned. You were magic-protected. You were warded. You are dead. Miscellaneous: You disabled loading of bones levels. Total elapsed playing time was 14 minutes and 32 seconds. Vanquished creatures: a blue jelly a Woodland-elf a paper golem 2 giant ants a dwarf 2 rothes 2 orc zombies 2 iguanas an acid blob 3 hobbits 4 hobgoblins a giant rat a green mold 3 geckos a jackal 2 foxes a kobold a goblin a grid bug 4 lichens 7 newts 42 creatures vanquished. No species were genocided or became extinct. Voluntary challenges: You were an atheist. You read items or engraved 2 times. You never engraved Elbereth. You never genocided any monsters. You never polymorphed an object. You never changed form. You used no wishes. Achievements: You entered the Gnomish Mines. You attained the rank of Conjurer. The Dungeons of Doom: levels 1 to 8 Level 1: Level 2: A fountain. Stairs down to The Gnomish Mines. Level 3: Level 4: Level 5: Level 6: Level 7: Level 8: <- You were here. Final resting place for you, killed by a pyrolisk. The Gnomish Mines: Level 3: Game over: ---------- / \ / REST \ / IN \ / PEACE \ / \ | hackemslashem | | 77 Au | | killed by a | | pyrolisk | | | | | | 2022 | *| * * * | * _________)/\\_//(\/(/\)/\//\/|_)_______ Goodbye hackemslashem the Wizard... You died in The Dungeons of Doom on dungeon level 8 with 1336 points, and 77 pieces of gold, after 2097 moves. You were level 5 with a maximum of 41 hit points when you died.